 Dungeon Crawl Stone Soup version 0.20.0-10-g0535bb4 (webtiles) character file.

525 McKennaii the Skirmisher (level 7, 0/81 HPs)
             Began as a Demonspawn Fighter on June 5, 2017.
             Succumbed to an orc wizard's poison
             ... on level 4 of the Dungeon.
             The game lasted 00:06:50 (4369 turns).

McKennaii the Skirmisher (Demonspawn Fighter)       Turns: 4369, Time: 00:06:50

Health: 0/81       AC: 23    Str: 17    XL:     7   Next: 2%
Magic:  7/7        EV:  2    Int:  9    God:
Gold:   222        SH:  8    Dex: 14    Spells: 6/6 levels left

rFire    . . .     SeeInvis .   a - +1 long sword
rCold    . . .     Gourm    .   c - +0 shield
rNeg     + + +     Faith    .   (armour currently unavailable)
rPois    +         Spirit   .   (helmet currently unavailable)
rElec    .         Reflect  .   (cloak currently unavailable)
rCorr    .         Harm     .   (gloves currently unavailable)
MR       .....     NoTele   +   (boots currently unavailable)
Stlth    ++........             (no amulet)
Regen    0.3/turn               g - ring of stealth
MPRegen  0.1/turn               (no ring)

@: lethally poisoned (0 -> -6), tree-form, heavily drained
A: powered by death 1, powered by pain 1
a: no special abilities


You were on level 4 of the Dungeon.
You were very hungry.
You were a tree.
You visited 1 branch of the dungeon, and saw 4 of its levels.

You collected 222 gold pieces.

Inventory:

Hand Weapons
 a - a +1 long sword (weapon)
Armour
 c - a +0 shield (worn)
 B - a +0 chain mail (melded)
Jewellery
 g - a ring of stealth (left branch)
Scrolls
 i - 2 scrolls of amnesia {unknown}
 k - 2 scrolls of remove curse
 m - a scroll of enchant armour {unknown}
 o - a scroll of noise {unknown}
 p - a scroll of random uselessness {unknown}
 q - 3 scrolls of enchant weapon
 r - 2 scrolls of identify
 s - 2 scrolls of fog {unknown}
 u - a scroll of teleportation {unknown}
 v - a scroll of magic mapping
 y - 2 scrolls of blinking {unknown}
Potions
 d - a potion of might
 h - a potion of flight
 w - a potion of resistance {unknown}
Comestibles
 f - 4 bread rations
 j - 4 meat rations
 x - a royal jelly
 z - 2 fruits


   Skills:
 + Level 4.1(1.4) Fighting
 + Level 4.1(1.5) Long Blades
 + Level 4.0(1.4) Armour
 + Level 1.5(0.0) Dodging
 + Level 0.4(0.0) Stealth
 + Level 4.1(1.4) Shields


You had 6 spell levels left.
You didn't know any spells.

Dungeon Overview and Level Annotations

Branches:
Dungeon (4/15)
 Temple: D:4-7

Altars:
Cheibriados
Makhleb
Trog

Annotations:
D:4 Kriby's ghost, novice HOFi


Innate Abilities, Weirdness & Mutations

((You have a pair of antennae on your head.))
((You are partially covered in molten scales. (AC +2)))
You regenerate a little health from kills.
You sometimes gain a little power by taking damage.


Message History

You feel sick. You block the orc wizard's attack. You block the orc's attack.
The orc wizard hits you but does no damage.
You hit the orc wizard.
You kill the orc wizard!
You have reached level 7!
Your demonic ancestry asserts itself...
A wave of death washes over you.
* * * LOW HITPOINT WARNING * * *
You feel sick. The orc hits you but does no damage. x2
You hit the orc.
The orc is severely wounded.
* * * LOW HITPOINT WARNING * * *
You feel sick. You block the orc's attack.
You barely miss the orc.
The orc is severely wounded.
* * * LOW HITPOINT WARNING * * *
You feel sick. The orc hits you but does no damage.
Unknown command.
It was a potion of magic.
Magic courses through your body.
You die...

#########**
################........,*
#..........#..)o).......,*
#..........#..♣#........,*
#..........#...#........,*
#..........#..)#........,*
#....##...##...#........,*
#....##...##...#........,*
#..............#........,*
##'#####........#........,*
#......#........#,,,,,,,,,*
#......#...##...##########*


You could see an orc.

Vanquished Creatures
  A scorpion (D:4)
  3 hounds
  A bullfrog skeleton (D:4)
  3 orc wizards (D:4)
  A worker ant (D:4)
  Robin (D:1)
  3 gnolls (D:4)
  10 adders
  2 oozes (D:4)
  A worm (D:4)
  A dart slug (D:3)
  3 leopard geckos
  6 orcs (D:3)
  A ball python (D:1)
  5 giant cockroaches
  14 goblins
  10 hobgoblins
  11 jackals
  11 kobolds
  A quokka (D:3)
  13 bats
  3 frilled lizards
  8 rats
113 creatures vanquished.

Notes
Turn   | Place    | Note
-------+----------+-------------------------------------------
     0 | D:1      | McKennaii the Demonspawn Fighter began the quest for the Orb.
     0 | D:1      | Reached XP level 1. HP: 18/18 MP: 1/1
   118 | D:1      | Gained mutation: You have a pair of small antennae on your head. [demonic ancestry]
   118 | D:1      | Reached XP level 2. HP: 22/24 MP: 2/2
   569 | D:2      | Noticed Robin
   701 | D:1      | Killed Robin
   701 | D:1      | Gained mutation: You sometimes gain a little power by taking damage. [demonic ancestry]
   701 | D:1      | Reached XP level 3. HP: 15/29 MP: 3/3
  1085 | D:2      | Reached XP level 4. HP: 27/35 MP: 4/4
  1765 | D:3      | Gained mutation: You have a pair of antennae on your head. [demonic ancestry]
  1765 | D:3      | Reached XP level 5. HP: 38/42 MP: 5/5
  1779 | D:3      | Reached skill level 1 in Dodging
  2021 | D:3      | Found a burning altar of Makhleb.
  2362 | D:3      | Found a bloodstained altar of Trog.
  2936 | D:4      | Gained mutation: You are partially covered in molten scales. (AC +2) [demonic ancestry]
  2936 | D:4      | Reached XP level 6. HP: 35/48 MP: 6/6
  2957 | D:4      | Noticed Kriby's ghost (novice HOFi)
  3345 | D:4      | Found a snail-covered altar of Cheibriados.
  4344 | D:4      | HP: 2/48 [orc wizard/puff of frost (5)]
  4366 | D:4      | Gained mutation: You regenerate a little health from kills. [demonic ancestry]
  4366 | D:4      | Reached XP level 7. HP: 4/54 MP: 7/7
  4366 | D:4      | HP: 3/81 [poisoned by an orc wizard]
  4368 | D:4      | HP: 1/81 [poisoned by an orc wizard]
  4369 | D:4      | Succumbed to an orc wizard's poison

Skill      XL: |  1  2  3  4  5  6 |
---------------+-------------------+-----
Armour         | 3 4 |  4.0
Long Blades    | 2 3 4 |  4.1
Shields        | 3 4 |  4.1
Dodging        | 1 |  1.5
Fighting       | 4 |  4.1
Stealth        | |  0.4

Action                   |  1- 3 |  4- 6 |  7- 9 || total
-------------------------+-------+-------+-------++-------
Melee: Long sword        |   108 |   315 |     2 ||   425
  Use: Potion            |       |     7 |     1 ||     8
       Scroll            |       |     4 |       ||     4
 Stab: Sleeping          |       |     1 |       ||     1
  Eat: Chunk             |       |    11 |       ||    11
Armor: Scale mail        |    63 |   124 |       ||   187
       Chain mail        |       |    58 |       ||    58
       Skin              |       |     8 |     3 ||    11
Dodge: Dodged            |    39 |   110 |       ||   149
Block: Shield            |    71 |   198 |     1 ||   270
       Rpst.: Long sword |    10 |    36 |       ||    46
